 Dungeon Sprint DCSS version 0.30.1-11-g7821555f0a (webtiles) character file.

Game seed: 12587126028285180420

4890 GreatBamboolord the Geomancer (level 10, 0/64 HPs)
             Began as a Gargoyle Earth Elementalist on Jan 13, 2024.
             Was the Champion of Vehumet.
             Slain by a +2 halberd of flaming (26 damage)
             ... in the Dungeon (Sprint V: "Ziggurat Sprint").
             The game lasted 00:05:52 (951 turns).

GreatBamboolord the Geomancer (GrEE)                 Turns: 951, Time: 00:05:53

Health: 0/64       AC: 13    Str: 10    XL:     10   Next: 51%
Magic:  7/24       EV:  5    Int: 34    God:    Vehumet [******]
Gold:   0          SH: 29    Dex: 10    Spells: 18/29 levels left

rFire   . . .        a - staff of conjuration "Poese" {rF- Int+4}
rCold   + . .        H - +18 shield of the Gong {Loud rN+ Will+ rCorr EV-5}
rNeg    + + .        K - +1 ring mail {Will+}
rPois   ∞            (no helmet)
rElec   +            (no cloak)
rCorr   +            (no gloves)
SInv    .            (no boots)
Will    ++...        (no amulet)
Stlth   +++          x - +6 ring of intelligence
HPRegen 0.30/turn    I - ring of Finality {rF+ rC+ Str-2 Int+4}
MPRegen 0.19/turn

%: no teleportation
@: no status effects
A: sickness immunity, AC +7, negative energy resistance 1, electricity
resistance, torment resistance 1, petrification resistance
a: Renounce Religion


You were in the Dungeon.
You worshipped Vehumet.
Vehumet was exalted by your worship.
You visited 1 branch

Inventory:

Hand Weapons
 b - the +6 Majin-Bo {spellvamp, MP+6 Int+6}
   (You found it in the Dungeon)

   Int:       It affects your intelligence (+6).
   MP:        It affects your magic capacity (+6).
 t - the +7 great mace "Undeadhunter" {deathbane, rN+}
   (You found it in the Dungeon)

   rN:        It protects you from negative energy.
 E - the +7 great mace "Firestarter" {flame, immolate, rFlCloud rF++}
   (You found it in the Dungeon)

   rFlCloud:  It grants immunity to clouds of flame.
   rF:        It greatly protects you from fire.
 L - the +8 lance "Wyrmbane" {slay drac, rPois rF+ rC+ AC+3}
   (You found it in the Dungeon)

   AC:        It affects your AC (+3).
   rF:        It protects you from fire.
   rC:        It protects you from cold.
   rPois:     It protects you from poison.
Armour
 h - +5 fire dragon scales
 i - +5 storm dragon scales
 j - a +3 tower shield
 H - the +18 shield of the Gong (worn) {Loud rN+ Will+ rCorr EV-5}
   (You found it in the Dungeon)

   Loud:      It is deafeningly noisy when blocking attacks.
   EV:        It affects your evasion (-5).
   rN:        It protects you from negative energy.
   rCorr:     It protects you from acid and corrosion.
   Will:      It increases your willpower.
 K - a +1 ring mail of willpower (worn)
Magical Staves
 a - the staff of conjuration "Poese" (weapon) {rF- Int+4}
   (You found it in the Dungeon)

   [staff of conjuration]

   Base accuracy: +5 Base damage: 5 Base attack delay: 1.2 This weapon's minimum
   attack delay (0.6) is reached at skill level 12.
   Int:       It affects your intelligence (+4).
   rF:        It makes you vulnerable to fire.
   It falls into the 'Staves' category.
   It is a one-handed weapon.
 M - a staff of earth
Jewellery
 u - a +6 ring of dexterity
 v - a +6 ring of dexterity
 w - a +6 ring of intelligence
 x - a +6 ring of intelligence (left hand)
 y - a +6 ring of strength
 z - a +6 ring of strength
 I - the ring of Finality (right hand) {rF+ rC+ Str-2 Int+4}
   (You found it in the Dungeon)

   [ring of protection from fire]

   Str:       It affects your strength (-2).
   Int:       It affects your intelligence (+4).
   rF:        It protects you from fire.
   rC:        It protects you from cold.
Wands
 r - a wand of charming (2)
 A - a wand of flame (20)
 B - a wand of mindburst (7)
 C - a wand of iceblast (13)
 D - a wand of light (7)
Scrolls
 g - 4 scrolls of blinking
 n - 2 scrolls of brand weapon
 p - 4 scrolls of amnesia
 q - 7 scrolls of fog
 s - 2 scrolls of fear
 G - 4 scrolls of enchant armour
Potions
 c - 10 potions of curing
 d - 13 potions of heal wounds
 e - 6 potions of haste
 f - 2 potions of berserk rage
 k - 2 potions of brilliance
 l - 2 potions of invisibility
 m - 4 potions of resistance
 o - 4 potions of might
 F - 8 potions of magic
Miscellaneous
 J - a phial of floods


   Skills:
 + Level 7.7 Fighting
 + Level 6.1 Dodging
 + Level 8.8 Stealth
 * Level 10.9 Shields
 * Level 10.0 Spellcasting
 * Level 12.2 Conjurations
 - Level 0.7 Transmutations
 * Level 3.5 Fire Magic
 * Level 13.2 Earth Magic


You had 18 spell levels left.
You knew the following spells:

 Your Spells              Type           Power      Damage    Failure   Level
a - Sandblast             Erth           100%       2d20      1%          1
b - Stone Arrow           Conj/Erth      100%       3d13      1%          3
c - Orb of Destruction    Conj           50%        9d13      26%         7

Your spell library contained the following spells:

 Spells                   Type           Power      Damage    Failure   Level
 Volatile Blastmotes      Fire/Tloc      58%        2d14      8%          3
 Foxfire                  Conj/Fire      100%       2x1d9     1%          1
 Kiss of Death            Conj/Necr      100%       2d13      1%          1
 Shock                    Conj/Air       100%       1d9       1%          1
 Passwall                 Tmut/Erth      49%        N/A       1%          2
 Petrify                  Tmut/Erth      59%        N/A       11%         4
 Irradiate                Conj/Tmut      37%        3d24      11%         5
 Olgreb's Toxic Radiance  Pois           17%        N/A       41%         4
 Ozocubu's Armour         Ice            17%        N/A       50%         3
 Summon Guardian Golem    Hex/Summ       17%        N/A       50%         3
 Spellforged Servitor     Conj/Summ      36%        N/A       95%         7
 Metabolic Englaciation   Hex/Ice        8%         N/A       99%         5
 Simulacrum               Ice/Necr       8%         N/A       100%        6
 Discord                  Hex            8%         N/A       100%        8
 Ignition                 Fire           20%        3d7       100%        8


Dungeon Overview and Level Annotations

Branches:
Dungeon (1/1)

Altars:
Ashenzari
Cheibriados
Dithmenos
Elyvilon
Fedhas
Gozag
Hepliaklqana
Kikubaaqudgha
Makhleb
Nemelex Xobeh
Okawaru
Qazlal
Ru
Sif Muna
Trog
Uskayaw
Vehumet
Wu Jian
Xom
Yredelemnul
Zin
The Shining One
Jiyva
Lugonu

Annotations:
D 1 transporter


Innate Abilities, Weirdness & Mutations

You are immune to sickness and miasma.
Your stone body is resilient. (AC +7)
You are immune to poison.
You resist negative energy. (rN+)
You are resistant to electric shocks. (rElec)
You are resistant to unholy torment.
You are immune to petrification.


Message History

You feel a surge of power!
The stone arrow hits the +2 short sword of protection!
The +2 short sword of protection falls from the air.
Vehumet accepts your kill.
The +4 trident hits you but does no damage.
You block the +2 halberd of flaming's attack.
GONNNNG!
You block the +2 heavy long sword's attack.
BOUMMMMG!
Something hits you but does no damage. You block the +4 trident's attack.
GONNNNG!
Your Spellcasting skill increases to level 10!
Your Fire Magic skill increases to level 3!
Aiming: Stone Arrow (safe; 1% risk of failure)
Press: ? - help, Q - select action, (/) - cycle Shift-Dir - straight line, f - deep elf pyromancer
Aim: a deep elf pyromancer, wielding a +0 rapier and wearing a +0 chain mail (75% to hit)
You feel a surge of power!
The stone arrow hits the deep elf pyromancer!!
The deep elf pyromancer is heavily wounded.
The +2 halberd of flaming barely misses you.
The +2 heavy long sword hits you! You block the +4 trident's attack.
PANG!
You block the +2 halberd of flaming's attack.
PTOANNNG!
You hear some strange, mumbled words.
A shard of ice appears from out of thin air!
You block the shard of ice.
GONNNNG!
The deep elf pyromancer mumbles some strange words.
Aiming: Stone Arrow (safe; 1% risk of failure)
Press: ? - help, Q - select action, (/) - cycle Shift-Dir - straight line, f/p - deep elf pyromancer
Aim: a deep elf pyromancer, wielding a +0 rapier and wearing a +0 chain mail (heavily wounded, 75% to hit)
You feel a surge of power!
The stone arrow hits the deep elf pyromancer!
The deep elf pyromancer is almost dead.
You block the +4 trident's attack.
SHROANNG!
You block the +2 heavy long sword's attack.
GONNNNG!
The +2 halberd of flaming hits you from afar!!
You die...

▓▓▓▓▓▓▓▓▓▓▓▓▓▓▓▓▓▓▓
▓...8©8...▓..8©8..▓
▓..[[/)...▓..)....▓
▓.../")...▓..))...▓
▓..E.°.○..▓.......▓
▓....E.°..▓...)...▓
▓...(e(☼..▓.......▓
▓...{)(○..▓.......▓
▓.▓..@E.▓.▓.▓.†.▓.▓
▓....©....▓...©...▓
▓▓▓▓▓▓▓▓▓▓▓▓▓▓▓▓▓▓▓
▓..8©8..▓ ▓.......▓
▓..))...▓ ▓.......▓
▓.......▓ ▓.......▓


You could see a deep elf pyromancer, 3 fire elementals and 3 dancing weapons.

Vanquished Creatures
  A dancing weapon (D)
  A deep elf zephyrmancer (D)
  An ugly thing (D)
  4 toenail golems (D)
  A kobold demonologist (D)
  A hornet (shapeshifter) (D)
  A raiju (shapeshifter) (D)
  A jumping spider (D)
  2 spriggans (D)
  A warg (shapeshifter) (D)
  A water moccasin (D)
  A hell hound (D)
  2 black bears (D)
  2 wolves (D)
  A bullfrog (shapeshifter) (D)
  4 scorpions (D)
  2 crimson imps (D)
  2 iron imps (D)
  A shadow imp (D)
  An ufetubus (D)
  A ball python (D)
32 creatures vanquished.

Notes
Turn   | Place    | Note
-------+----------+-------------------------------------------
     0 | D        | GreatBamboolord the Gargoyle Earth Elementalist began the
                  | quest for the Orb.
     0 | D        | Reached XP level 1. HP: 10/10 MP: 3/3
     3 | D        | Found a blossoming altar of Fedhas.
     3 | D        | Found the +6 Majin-Bo {spellvamp, MP+6 Int+6}
     3 | D        | Found the +27 heavy crossbow "Sniper" {heavy, Acc+∞ SInv}
     3 | D        | Found the +10 dark maul {heavy}
     3 | D        | Found the +15 Maxwell's patent armour {-Cast -Tele rElec
                  | Will+ rCorr}
     3 | D        | Found the +18 shield of the Gong {Loud rN+ Will+ rCorr
                  | EV-5}
     3 | D        | Found the +16 obsidian axe {drain, demonic, Mesm Drain Fly
                  | SInv}
     3 | D        | Found the +7 great mace "Firestarter" {flame, immolate,
                  | rFlCloud rF++}
     3 | D        | Found the +6 shillelagh "Devastator" {shatter}
     3 | D        | Found the +11 plutonium sword {Contam Stlth-}
     3 | D        | Found the +8 lance "Wyrmbane" {slay drac, rPois rF+ rC+
                  | AC+3}
     3 | D        | Found the +9 sword of Zonguldrok {reap}
     3 | D        | Found the +13 scythe of Curses {drain, curses, Drain}
     3 | D        | Found the +9 sword of Power {lifebolt}
     3 | D        | Found the +7 mace of Variability {chaos, chaos arc}
     3 | D        | Found the +11 Singing Sword {sonic wave}
     3 | D        | Found the +8 storm bow {elec, penet}
     7 | D        | Found a shimmering blue altar of Sif Muna.
     7 | D        | Found a sacrificial altar of Ru.
     7 | D        | Found a bloodstained altar of Trog.
     7 | D        | Found a stormy altar of Qazlal.
     7 | D        | Found an iron altar of Okawaru.
     7 | D        | Found a sparkling altar of Nemelex Xobeh.
     9 | D        | Found a transporter.
     9 | D        | Found an ancient bone altar of Kikubaaqudgha.
     9 | D        | Found a viscous altar of Jiyva.
     9 | D        | Found a corrupted altar of Lugonu.
     9 | D        | Found a hazy altar of Hepliaklqana.
     9 | D        | Found a burning altar of Makhleb.
     9 | D        | Found an opulent altar of Gozag.
    29 | D        | Became a worshipper of Vehumet
    49 | D        | Reached skill level 5 in Conjurations
    49 | D        | Reached skill level 5 in Earth Magic
    49 | D        | Reached XP level 2. HP: 15/15 MP: 3/6
   119 | D        | Entered arena 2.
   119 | D        | Noticed a water moccasin
   119 | D        | Found a transporter.
   121 | D        | Killed a water moccasin
   122 | D        | Reached skill level 6 in Earth Magic
   122 | D        | Reached XP level 3. HP: 21/21 MP: 9/9
   122 | D        | Reached XP level 4. HP: 26/26 MP: 10/10
   163 | D        | Entered arena 3.
   163 | D        | Noticed a hell hound
   163 | D        | Found a transporter.
   167 | D        | Killed a hell hound
   167 | D        | Reached * piety under Vehumet
   167 | D        | Offered knowledge of Shock by Vehumet.
   168 | D        | Reached skill level 5 in Spellcasting
   168 | D        | Reached skill level 7 in Earth Magic
   168 | D        | Reached XP level 5. HP: 22/32 MP: 8/12
   169 | D        | Reached XP level 6. HP: 26/37 MP: 8/14
   169 | D        | Reached ** piety under Vehumet
   176 | D        | Got the ring of Finality {rF+ rC+ Str-2 Int+4}
   255 | D        | Learned a level 3 spell: Stone Arrow
   258 | D        | Entered arena 4.
   258 | D        | Noticed a toenail golem
   258 | D        | Noticed a toenail golem
   258 | D        | Noticed a toenail golem
   258 | D        | Noticed a toenail golem
   258 | D        | Found a transporter.
   261 | D        | Killed a toenail golem
   262 | D        | Reached skill level 5 in Stealth
   262 | D        | Reached skill level 9 in Earth Magic
   262 | D        | Reached XP level 7. HP: 34/44 MP: 12/17
   278 | D        | Killed a toenail golem
   279 | D        | Reached skill level 5 in Fighting
   279 | D        | Reached XP level 8. HP: 44/49 MP: 2/18
   283 | D        | Killed a toenail golem
   284 | D        | Reached skill level 10 in Earth Magic
   292 | D        | Killed a toenail golem
   292 | D        | Reached *** piety under Vehumet
   293 | D        | Reached skill level 10 in Conjurations
   420 | D        | Entered arena 5.
   420 | D        | Noticed a hornet
   420 | D        | Noticed a brown ugly thing
   420 | D        | Found a transporter.
   422 | D        | Offered knowledge of Poisonous Vapours by Vehumet.
   423 | D        | Reached skill level 11 in Earth Magic
   423 | D        | Reached XP level 9. HP: 55/55 MP: 21/21
   425 | D        | Killed a hornet
   426 | D        | Reached skill level 5 in Dodging
   428 | D        | Killed a brown ugly thing
   430 | D        | Reached **** piety under Vehumet
   532 | D        | Entered arena 6.
   532 | D        | Found the +7 great mace "Undeadhunter" {deathbane, rN+}
   532 | D        | Found a transporter.
   541 | D        | Reached ***** piety under Vehumet
   543 | D        | Reached skill level 12 in Earth Magic
   654 | D        | Entered arena 7.
   654 | D        | Noticed a kobold demonologist
   656 | D        | Killed a kobold demonologist
   656 | D        | Offered knowledge of Hailstorm by Vehumet.
   661 | D        | Reached skill level 10 in Shields
   666 | D        | Reached XP level 10. HP: 43/63 MP: 5/23
   731 | D        | Found a transporter.
   742 | D        | Got Cerebov's Compendium of Striking
   780 | D        | Entered arena 8.
   781 | D        | Found a transporter.
   782 | D        | Reached ****** piety under Vehumet
   783 | D        | Reached skill level 1 in Fire Magic
   920 | D        | Got the Vellum of Concussion
   928 | D        | Got the staff of conjuration "Poese" {rF- Int+4}
   943 | D        | Learned a level 7 spell: Orb of Destruction
   943 | D        | Entered arena 9.
   943 | D        | Noticed a deep elf knight
   943 | D        | Noticed a +2 heavy long sword
   943 | D        | Noticed a +4 trident
   943 | D        | Noticed a +2 short sword of protection
   943 | D        | Noticed a +2 halberd of flaming
   943 | D        | Noticed a deep elf pyromancer
   943 | D        | Noticed a deep elf zephyrmancer
   944 | D        | Found a transporter.
   946 | D        | Killed a deep elf zephyrmancer
   946 | D        | Offered knowledge of Volatile Blastmotes by Vehumet.
   947 | D        | Reached skill level 13 in Earth Magic
   949 | D        | Killed a +2 short sword of protection
   950 | D        | Reached skill level 10 in Spellcasting
   951 | D        | Slain by a +2 halberd of flaming

Illustrated notes

Levels and vault maps discovered:
D:        sprint_v [room_start, room_1, room_2, room_3, room_4, room_5, room_6,
          room_7, room_8, room_9, room_10, room_11, room_12, room_13, room_14,
          room_15, room_16, room_17, room_18, room_19, room_20, room_21,
          room_22, room_23, room_24, room_25, room_26, room_27]

Skill      XL: |  1  2  3  4  5  6  7  8  9 10 |
---------------+-------------------------------+-----
Spellcasting   | 3 4 5 6 7 8 9 10 | 10.0
Conjurations   | 5 6 7 8 9 10 11 12 | 12.2
Earth Magic    | 5 6 7 9 11 12 13 | 13.2
Fighting       | 2 3 4 5 7 |  7.7
Dodging        | 2 3 4 5 6 |  6.1
Stealth        | 3 4 5 6 7 8 |  8.8
Shields        | 3 4 6 7 8 10 | 10.9
Fire Magic     | 3 |  3.5
Transmutations | |  0.7

Action                     |  1- 3 |  4- 6 |  7- 9 | 10-12 || total
---------------------------+-------+-------+-------+-------++-------
  Melee: Lance             |       |       |    17 |       ||    17
   Cast: Sandblast         |     2 |     6 |       |       ||     8
         Stone Arrow       |       |     3 |    36 |    19 ||    58
    Use: Potion            |     1 |       |     3 |       ||     4
 Armour: Robe              |     1 |     1 |     9 |       ||    11
         Ring mail         |       |       |     1 |     7 ||     8
  Dodge: Dodged            |     3 |       |     4 |     5 ||    12
  Block: Kite shield       |       |       |    56 |    34 ||    90
